 Dungeon Crawl Stone Soup version 0.19.1-1-g22dce08 (webtiles) character file.

69 empire the Gusty (level 3, -12/26 HPs)
             Began as a Demigod Air Elementalist on Jan 5, 2017.
             Killed by divine providence
             ... invoked by an orc priest
              (14 damage)
             ... on level 4 of the Dungeon.
             The game lasted 00:05:40 (2599 turns).

empire the Gusty (Demigod Air Elementalist)         Turns: 2599, Time: 00:05:41

Health: -12/26     AC:  3    Str: 16    XL:     3   Next: 75%
Magic:  1/9        EV: 12    Int: 21    God:
Gold:   111        SH:  0    Dex: 16    Spells: 1 memorised, 5 levels left

rFire  . . .     SeeInvis .     b - +0 spear
rCold  . . .     Gourm    .     i - +0 leather armour
rNeg   . . .     Faith    .     (no shield)
rPois  .         Spirit   .     (no helmet)
rElec  .         Reflect  .     (no cloak)
rCorr  .         Harm     .     (no gloves)
MR     .....                    (no boots)
Stlth  ++........               (no amulet)
                                (no ring)
                                (no ring)

@: mighty, hasted, very quick
A: high mp 1
a: no special abilities


You were on level 4 of the Dungeon.
You were not hungry.

You visited 1 branch of the dungeon, and saw 4 of its levels.

You collected 111 gold pieces.

Inventory:

Hand Weapons
 a - a +0 whip
 b - a +0 spear (weapon)
Armour
 i - a +0 leather armour (worn)
Wands
 m - a wand of acid (7/15)
Scrolls
 n - a scroll of magic mapping {unknown}
 o - a scroll of teleportation {unknown}
 p - a scroll of noise {unknown}
Potions
 e - 2 potions of lignification
 g - a potion of cure mutation
Books
 f - a book of Air

   Spells                             Type                      Level
   a - Shock                          Conjuration/Air              1
   b - Swiftness                      Charms/Air                   2
   c - Repel Missiles                 Charms/Air                   2
   d - Static Discharge               Conjuration/Air              3
   e - Lightning Bolt                 Conjuration/Air              5
Comestibles
 c - a bread ration
 h - a slice of pizza
 j - a meat ration
 k - 6 fruits
 q - a beef jerky


   Skills:
 - Level 1.7 Dodging
 - Level 1.7 Stealth
 + Level 2.4 Spellcasting
 * Level 2.4 Conjurations
 + Level 3.2 Air Magic


You had 5 spell levels left.
You knew the following spells:

 Your Spells              Type           Power        Failure   Level  Hunger
a - Shock                 Conj/Air       ##..         8%          1    None


Dungeon Overview and Level Annotations

Branches:
Dungeon (4/15)
 Temple: D:4-7

Annotations:
D:3 Sigmund


Innate Abilities, Weirdness & Mutations

You have an increased reservoir of magic. (+10% MP)


Message History

Aiming: Shock
Press: ? - help, Shift-Dir - straight line, f/p - orc priest
Aim: an orc priest, wielding a mace (heavily wounded)
The zap hits the orc priest.
The orc priest is severely wounded.
Casting: Shock
Confirm with . or Enter, or press ? or * to list all spells.
Aiming: Shock
Press: ? - help, Shift-Dir - straight line, f/p - orc priest
Aim: an orc priest, wielding a mace (severely wounded)
The zap hits the orc priest.
The orc priest is almost dead.
It was a potion of might.
You feel very mighty all of a sudden.
The orc priest looks braver for a moment.
It was a potion of haste.
You feel yourself speed up.
The orc priest calls down the wrath of Beogh upon you.
Beogh smites you!
Ouch! That really hurt!
You die...

#.......#
##.....<# .
##....#...#
..
#....###...#
.....#..#
##...#
#...##.)#
#....
.#......#
#....
###...o#
#...# ###.@#
.... ##.#
#.. #...
..### ..#
... .#..


You could see an orc priest.

Vanquished Creatures
  An adder (D:2)
  A worm (D:3)
  3 dart slugs
  A leopard gecko (D:3)
  2 orcs (D:4)
  A ball python (D:1)
  5 bats
  2 giant cockroaches (D:1)
  4 goblins
  8 hobgoblins
  3 jackals (D:3)
  A quokka (D:2)
  2 frilled lizards
  3 kobolds (D:1)
  8 rats
45 creatures vanquished.

Notes
Turn   | Place    | Note
-------+----------+-------------------------------------------
     0 | D:1      | empire the Demigod Air Elementalist began the quest for the Orb.
     0 | D:1      | Reached XP level 1. HP: 14/14 MP: 5/5
    49 | D:1      | Reached skill level 1 in Conjurations
   837 | D:1      | Reached XP level 2. HP: 19/20 MP: 7/7
  1374 | D:2      | Found a glowing golden altar of the Shining One.
  1387 | D:2      | Reached skill level 3 in Air Magic
  1503 | D:2      | Found an opulent altar of Gozag.
  1925 | D:2      | Reached XP level 3. HP: 26/26 MP: 2/8
  2557 | D:3      | Noticed Sigmund
  2599 | D:4      | Killed from afar by an orc priest

Skill      XL: |  1  2 |
---------------+-------+-----
Conjurations   | 1 2 |  2.4
Spellcasting   | 2 |  2.4
Air Magic      | 3 |  3.2
Dodging        | |  1.7
Stealth        | |  1.7

Action                   || total
-------------------------++-------
Melee: Unarmed           ||     4
       Spear             ||    48
       Whip              ||     2
 Cast: Shock             ||    74
  Use: Scroll            ||     4
       Potion            ||     2
 Stab: Sleeping          ||     2
       Distracted        ||     1
  Eat: Chunk             ||     6
Armor: Robe              ||     3
       Leather armour    ||    16
Dodge: Dodged            ||    42
